Workbook

Sheet State Rates Ranked(map data)
C3: State and Local Wireless Rate | D3: Federal USF Rate | E3: Combined Federal/State/Local Rate | F3: Rank
B4: Alabama | C4: 0.12729028 | D4: 0.1439 | E4: =C4+D4 -> 0.27119028 | F4: =RANK(E4,$E$4:$E$53,0) -> 28
B5: Alaska | C5: 0.14704303 | D5: 0.1439 | E5: =C5+D5 -> 0.29094303 | F5: =RANK(E5,$E$4:$E$53,0) -> 19
B6: Arizona | C6: 0.129535 | D6: 0.1439 | E6: =C6+D6 -> 0.273435 | F6: =RANK(E6,$E$4:$E$53,0) -> 27
B7: Arkansas | C7: 0.22039502 | D7: 0.1439 | E7: =C7+D7 -> 0.36429502 | F7: =RANK(E7,$E$4:$E$53,0) -> 2
B8: California | C8: 0.13236002 | D8: 0.1439 | E8: =C8+D8 -> 0.27626002 | F8: =RANK(E8,$E$4:$E$53,0) -> 23
B9: Colorado | C9: 0.16756691 | D9: 0.1439 | E9: =C9+D9 -> 0.31146691 | F9: =RANK(E9,$E$4:$E$53,0) -> 13
B10: Connecticut | C10: 0.087338262 | D10: 0.1439 | E10: =C10+D10 -> 0.23123826 | F10: =RANK(E10,$E$4:$E$53,0) -> 43
B11: Delaware | C11: 0.086813518 | D11: 0.1439 | E11: =C11+D11 -> 0.23071352 | F11: =RANK(E11,$E$4:$E$53,0) -> 44
B12: Florida | C12: 0.15107001 | D12: 0.1439 | E12: =C12+D12 -> 0.29497001 | F12: =RANK(E12,$E$4:$E$53,0) -> 18
B13: Georgia | C13: 0.13226252 | D13: 0.1439 | E13: =C13+D13 -> 0.27616252 | F13: =RANK(E13,$E$4:$E$53,0) -> 24
B14: Hawaii | C14: 0.08153311 | D14: 0.1439 | E14: =C14+D14 -> 0.22543311 | F14: =RANK(E14,$E$4:$E$53,0) -> 46
B15: Idaho | C15: 0.033946892 | D15: 0.1439 | E15: =C15+D15 -> 0.17784689 | F15: =RANK(E15,$E$4:$E$53,0) -> 50
... B53: Wyoming | C53: 0.084505762 | D53: 0.1439 | E53: =C53+D53 -> 0.22840576 | F53: =RANK(E53,$E$4:$E$53,0) -> 45
B54: District of Columbia | C54: 0.12293301 | D54: 0.1439 | E54: =C54+D54 -> 0.26683301 | F54: (30)

Sheet Historical Rates 2003 -2026
A3: TABLE 1: US Average Wireless and General Sales & Use Tax Rates
B5: 37622 | C5: 38078 | D5: 38534 | E5: 38899 | F5: 39264 | G5: 39630 | H5: 39995 | I5: 40360 | J5: 41091 | K5: 41821 | L5: 42186 | M5: 42552 | N5: 42917 | O5: 43282 | P5: 43647 | Q5: 44013 | R5: 44378 | S5: 44743 | T5: 45108 | U5: 45474 | V5: 45839 | W5: 46204
A6: Weighted Average
A7: Wireless -state & local tax & fee | B7: 0.102 | C7: 0.1074 | D7: 0.1094 | E7: 0.1114 | F7: 0.11 | G7: 0.1086 | H7: 0.1074 | I7: 0.1121 | J7: 0.1136 | K7: 0.1123 | L7: 0.115 | M7: 0.1193 | N7: 0.1211 | O7: 0.1246 | P7: 0.1265 | Q7: ='[1]WGHT calcs --not for publicatio'!E60 -> 0.12818055 | R7: 0.1316 | S7: 0.1315 | T7: 0.137 | U7: 0.1401036 | V7: 0.1425 | W7: 0.1442
A8: Wireless - federal tax & fee | B8: 0.0507 | C8: 0.0548 | D8: 0.0591 | E8: 0.0299 | F8: 0.0419 | G8: =11.4%*0.371 -> 0.042294 | H8: 0.0479 | I8: 0.0505 | J8: 0.0582 | K8: 0.0582 | L8: =6.46% -> 0.0646 | M8: 0.0664 | N8: =17.1%*0.371 -> 0.063441 | O8: =17.9%*0.371 -> 0.066409 | P8: =24.4%*0.371 -> 0.090524 | Q8: =26.5%*0.371 -> 0.098315 | R8: =0.371*0.318 -> 0.117978 | S8: 0.1224 | T8: 0.1083 | U8: 0.1276 | V8: =0.371*36% -> 0.13356 | W8: =0.371*38.8% -> 0.143948
A9: Wireless federal/state/local tax & fee | B9: =B7+B8 -> 0.1527 | C9: =C7+C8 -> 0.1622 | D9: =D7+D8 -> 0.1685 | E9: =E7+E8 -> 0.1413 | F9: =F7+F8 -> 0.1519 | G9: =G7+G8 -> 0.150894 | H9: =H7+H8 -> 0.1553 | I9: =I7+I8 -> 0.1626 | ... T9: =T7+T8 -> 0.2453 | U9: 0.2677036 | V9: =V7+V8 -> 0.27606 | W9: =W7+W8 -> 0.288148
A11: General Sales/Use Tax | B11: 0.0687 | C11: 0.0693 | D11: 0.0694 | E11: ='[2]Multiyear source data'!P58 -> 0.07042664 | F11: 0.0707 | G11: 0.0711 | H11: 0.0726 | I11: 0.0742 | J11: ='[3]raw data worksheet'!M57 -> 0.073301572 | K11: 0.0751 | L11: 0.0757 | M11: =7.61% -> 0.0761 | N11: 0.0765 | O11: 0.0765 | P11: 0.0774 | Q11: ='[1]WGHT calcs --not for publicatio'!C60 -> 0.077460801 | R11: 0.0778 | S11: 0.0777 | T11: 0.0777 | U11: 0.078063423 | V11: 0.0787 | W11: 0.079
A13: Wireless vs. General Sales Tax | B13: =B7-B11 -> 0.0333 | C13: =C7-C11 -> 0.0381 | D13: =D7-D11 -> 0.04 | E13: =E7-E11 -> 0.04097336 | F13: =F7-F11 -> 0.0393 | G13: =G7-G11 -> 0.0375 | H13: =H7-H11 -> 0.0348 | I13: =I7-I11 -> 0.0379 | ... T13: =T7-T11 -> 0.0593 | U13: 0.06204018 | V13: =V7-V11 -> 0.0638 | W13: =W7-W11 -> 0.0652
A15: Source: Methodology derived from Committee on State Taxation, "50-State Study and Report on
A16: Telecommunications Taxation," May 2005. Updated July 2026 from state statutes, FCC data,
A17: and local ordinances by Scott Mackey, Leonine Public Affairs LLP, Montpelier, VT.
A19: Federal includes 3% federal excise tax (until 5/2006) and federal universal service fund charge, which is set by the FCC and varies quarterly:
A20: Federal USF 1/1/2003 -- 28.5% FCC "hold harmless" times 7.3% FCC contribution factor = 2.07%
A21: Federal USF 4/1/2004 -- 28.5% x 8.7% = 2.48%
A22: Federal USF 7/1/2005 -- 28.5% x 10.2% = 2.91%
A23: Federal USF 7/1/2006 -- 28.5% x 10.5% = 2.99%
A24: Federal USF 7/1/2007 -- 37.1% x 11.3% = 4.19%
A25: Federal USF 7/1/2008 -- 37.1% x 11.4% = 4.23%
A26: Federal USF 7/1/2009 -- 37.1% x 12.9% = 4.79%
A27: Federal USF 7/1/2010 -- 37.1% x 13.6% = 5.05%
... A33: https://docs.fcc.gov/public/attachments/DA-26-546A1.pdf

Sheet FIG B1 data ARPU vs tax
A1: Average Wireless Bill vs. Average Wireless Tax Rate - 2004 -2026
A3: Year | B3: Avg. Bill (Left Scale)* | C3: Tax Rate (Right Scale)
A4: 2005 | B4: 50.64 | C4: 0.1685
A5: 2006 | B5: 49.98 | C5: 0.14127357
A6: 2007 | B6: 49.94 | C6: 0.1519
A7: 2008 | B7: 49.94 | C7: 0.150894
A8: 2009 | B8: 49.79 | C8: 0.1553
A9: 2010 | B9: 48.16 | C9: 0.1626
A10: 2012 | B10: 47 | C10: 0.17182798
A11: 2014 | B11: 48.79 | C11: 0.1705
A12: 2015 | B12: 46.64 | C12: 0.17955163
A13: 2016 | B13: 44.65 | C13: 0.1857
A14: 2017 | B14: 40.15 | C14: 0.1845
A15: 2018 | B15: 38.66 | C15: 0.191
... A17: 2020 | B17: 36.86 | C17: 0.2265
A18: 2021 | B18: 35.31 | C18: ='Historical Rates 2003 -2026'!R9 -> 0.249578
A19: 2022 | B19: 35.74 | C19: ='Historical Rates 2003 -2026'!S9 -> 0.2539
A20: 2023 | B20: 34.56 | C20: ='Historical Rates 2003 -2026'!T9 -> 0.2453
A21: 2024 | B21: 33.56 | C21: ='Historical Rates 2003 -2026'!U9 -> 0.2677036
A22: 2025 | B22: 33.36 | C22: ='Historical Rates 2003 -2026'!V9 -> 0.27606
A23: 2026 | B23: 33.14 | C23: ='Historical Rates 2003 -2026'!W9 -> 0.288148
A25: *Source: CTIA-The Wireless Association, Average Revenue Per Unit, various reports.
